 Dungeon Crawl Stone Soup version 0.22-a0-772-gac08f70 (webtiles) character file.

3017 Mamutox the Cleaver (level 9, -13/93 HPs)
             Began as an Ogre Chaos Knight on July 17, 2018.
             Mangled by a two-headed ogre
             ... wielding a +0 giant club
              (29 damage)
             ... on level 8 of the Dungeon.
             The game lasted 00:23:58 (7117 turns).

Mamutox the Cleaver (Ogre Chaos Knight)             Turns: 7117, Time: 00:23:59

Health: -13/93     AC:  9    Str: 23    XL:     9   Next: 85%
Magic:  9/9        EV: 10    Int: 15    God:    Xom [.*....]
Gold:   481        SH: 15    Dex: 11    Spells: 8/8 levels left

rFire    . . .     SeeInvis +   a - +0 hand axe (chaos)
rCold    . . .     Gourm    .   u - +1 shield
rNeg     . . .     Faith    .   b - +2 robe
rPois    .         Spirit   .   (helmet restricted)
rElec    .         Reflect  +   i - +0 cloak
rCorr    .         Harm     .   (gloves unavailable)
MR       +....                  (boots unavailable)
Stlth    ++........             H - +4 amulet of reflection
HPRegen  0.65/turn              d - ring of flight
MPRegen  0.11/turn              l - +3 ring of strength

@: lethally poisoned (-13 -> -14), liquefying, slowed movement, very slow
A: large, unfitting armour, iridescent scales 1, see invisible, clever 1, magic
resistance 1, regeneration 1, shaggy fur 1, strong 1, tough skin 1, MP-powered
wands
a: Renounce Religion, Evoke Flight


You were on level 8 of the Dungeon.
You worshipped Xom.
You were a plaything of Xom.
You were hungry.

You visited 1 branch of the dungeon, and saw 8 of its levels.

You collected 481 gold pieces.

Inventory:

Hand Weapons
 a - a +0 hand axe of chaos (weapon)
Missiles
 w - 3 tomahawks (quivered)
 F - 3 poisoned tomahawks
Armour
 b - a +2 robe (worn)
 i - a +0 cloak (worn)
 u - a +1 shield (worn)
Jewellery
 d - a ring of flight (left hand)
 l - a +3 ring of strength (right hand)
 z - an uncursed ring of ice
 C - the amulet "Voyleude" {RegenMP rC- Str+5 Dex+2}
   (Xom gifted it to you on level 6 of the Dungeon)

   [amulet of magic regeneration]

   It increases your magic regeneration.
   It affects your strength (+5).
   It affects your dexterity (+2).
   It makes you vulnerable to cold.
 H - a +4 amulet of reflection (around neck)
Wands
 q - a wand of acid (32)
 x - a wand of disintegration (18)
Scrolls
 e - 3 scrolls of remove curse
 f - a scroll of identify
 j - 2 scrolls of amnesia
 m - 3 scrolls of teleportation
 n - 2 scrolls of magic mapping
 p - 2 scrolls of immolation
 y - 2 scrolls of enchant weapon
 G - a scroll of enchant armour
Potions
 g - 2 potions of brilliance
 k - a potion of cancellation
 o - a potion of agility {unknown}
 r - a potion of heal wounds {unknown}
 s - a potion of curing {unknown}
 t - 2 potions of mutation {unknown}
 v - a potion of lignification {unknown}
 A - 2 potions of degeneration {unknown}
 B - a potion of might {unknown}
 D - a potion of magic {unknown}
 E - a potion of flight {unknown}
 I - a potion of resistance {unknown}
Comestibles
 c - 16 rations


   Skills:
 + Level 7.2 Fighting
 + Level 10.3 Axes
 - Level 3.8 Dodging
 - Level 1.4 Stealth
 * Level 5.8 Shields


You had 8 spell levels left.
You didn't know any spells.
Your spell library contained the following spells:

 Spells                   Type           Power        Failure   Level  Hunger
 Apportation              Tloc           #.....       47%         1    ##.....
 Throw Frost              Conj/Ice       #.....       63%         2    ###....
 Summon Small Mammal      Summ           #...         47%         1    ##.....
 Animate Skeleton         Necr           N/A          47%         1    ##.....
 Freeze                   Ice            #...         47%         1    ##.....
 Summon Ice Beast         Ice/Summ       #.......     99%         4    #####..
 Ozocubu's Armour         Chrm/Ice       #.......     85%         3    ####...
 Throw Icicle             Conj/Ice       #.......     99%         4    #####..
 Confusing Touch          Hex            #.....       47%         1    ##.....
 Call Canine Familiar     Summ           #.......     85%         3    ####...
 Summon Butterflies       Summ           #.......     47%         1    ##.....
 Summon Hydra             Summ           #.........   100%        7    #######
 Summon Mana Viper        Hex/Summ       #.......     100%        5    ######.


Dungeon Overview and Level Annotations

Branches:
Dungeon (8/15)             Temple (0/1) D:5
   Lair: D:8-11

Altars:
Ashenzari
Cheibriados
Gozag
Kikubaaqudgha
Nemelex Xobeh
Ru
Uskayaw
Xom

Shops:
D:4 *   D:5 :

Annotations:
D:7 1 runed door, Amnesiac's ghost, novice SpWn


Innate Abilities, Weirdness & Mutations

You are too large for most types of armour.
You have tough skin. (AC +1)
You are partially covered in iridescent scales. (AC +2)
You have supernaturally acute eyesight. (SInv)
Your mind is acute. (Int +2)
You are resistant to hostile enchantments. (MR+)
Your natural rate of healing is unusually fast.
You are covered in fur. (AC +1)
Your muscles are strong. (Str +2)
You expend magic power (3 MP) to strengthen your wands.


Message History

The killer bee closely misses you.
You feel sick. You block the killer bee's attack.
The killer bee stings you but does no damage.
The killer bee closely misses you.
Your surroundings suddenly seem different.
You feel sick.
Found 18 poisoned needles.
Found a stone staircase leading up.
An orc skeleton comes into view.
You feel sick.
A two-headed ogre comes into view. It is wielding two giant clubs.
You feel sick.
You feel sick.
The two-headed ogre shouts in stereo!
You see here 18 poisoned needles.
You feel sick. You block the two-headed ogre's attack.
The two-headed ogre misses you.
You feel sick.
The two-headed ogre hits you with a giant club!!
You die...
Xom roars with laughter!

##....####+. #........
......#.##.####..##..##
..................###...
..#............)..# #Z..
........Z##.##..#####Z##
.........#Z.###.# #..##
.........(.## #.# #.y##
.......O....# #.yy.
#....<@.##....#....####
##..##..# ##...#### ##
##.# #### #.# ###


You could see a two-headed ogre, a kobold skeleton and an orc skeleton.

Vanquished Creatures
  A two-headed ogre (D:8)
  Grinder (D:4)
  Duvessa (D:7)
  2 ice beasts
  2 black bears (D:6)
  3 ogres
  A sky beast (D:6)
  A necrophage (D:6)
  2 phantoms
  A centaur (D:6)
  A bullfrog (D:6)
  Blork the orc (D:5)
  A bullfrog (shapeshifter) (D:7)
  A scorpion (D:7)
  3 killer bees (D:8)
  2 howler monkeys (D:7)
  2 centaur zombies
  A jelly (D:6)
  A quasit (D:5)
  A crimson imp (D:7)
  2 hounds
  An orc priest (D:3)
  A centaur skeleton (D:4)
  3 orc wizards
  6 worker ants
  9 gnolls
  8 adders
  6 worms
  5 dart slugs
  6 leopard geckos
  23 orcs
  A bat (shapeshifter) (D:8)
  8 bats
  8 giant cockroaches
  5 goblins
  3 hobgoblins
  15 jackals
  5 kobolds
  6 quokkas
  3 ball pythons
  A frilled lizard (D:1)
  A hobgoblin zombie (D:8)
  A jackal zombie (D:6)
  An orc zombie (D:8)
  A quokka zombie (D:6)
  4 rats
162 creatures vanquished.

Vanquished Creatures (collateral kills)
  An ice beast (D:7)
  An iguana (D:8)
  A worker ant (D:8)
3 creatures vanquished.

Vanquished Creatures (others)
  Dowan (D:7)
  A hound (D:6)
  2 iguanas (D:6)
  An orc (D:6)
5 creatures vanquished.

Grand Total: 170 creatures vanquished

Notes
Turn   | Place    | Note
-------+----------+-------------------------------------------
     0 | D:1      | Mamutox the Ogre Chaos Knight began the quest for the Orb.
     0 | D:1      | Reached XP level 1. HP: 24/24 MP: 1/1
    68 | D:1      | XOM: harmless Ice miscast
    98 | D:1      | Reached XP level 2. HP: 20/32 MP: 2/2
   219 | D:1      | XOM: divination: magic mapping
   480 | D:1      | XOM: silly message
   511 | D:1      | Reached XP level 3. HP: 38/40 MP: 3/3
   931 | D:1      | XOM: cloud trail
  1217 | D:2      | Found a hide-covered altar of Uskayaw.
  1355 | D:2      | XOM is BORED!
  1355 | D:2      | XOM: noise
  1483 | D:2      | Found an ancient bone altar of Kikubaaqudgha.
  1510 | D:2      | Reached XP level 4. HP: 45/49 MP: 4/4
  1575 | D:2      | Reached skill level 4 in Axes
  1576 | D:2      | Found an opulent altar of Gozag.
  1796 | D:2      | XOM: give mutation
  1796 | D:2      | Gained mutation: You are partially covered in iridescent scales. (AC +2) [Xom's grace]
  1998 | D:3      | Reached skill level 5 in Fighting
  2156 | D:3      | Reached XP level 5. HP: 49/57 MP: 5/5
  2449 | D:3      | Found a snail-covered altar of Cheibriados.
  2809 | D:4      | XOM: scenery: create altars
  2833 | D:4      | Noticed Grinder
  2835 | D:4      | XOM: cast spell 'Call Canine Familiar'
  2840 | D:4      | Paralysed by Grinder for 2 turns
  2847 | D:4      | Killed Grinder
  2847 | D:4      | Reached skill level 5 in Axes
  2847 | D:4      | Reached skill level 1 in Stealth
  2847 | D:4      | Reached XP level 6. HP: 45/66 MP: 6/6
  2872 | D:4      | XOM: god gift: 28 gold pieces
  2976 | D:4      | XOM: enchant monster (good)
  3091 | D:4      | XOM: give mutations
  3091 | D:4      | Gained mutation: You have supernaturally acute eyesight. (SInv) [Xom's grace]
  3091 | D:4      | Gained mutation: You are resistant to hostile enchantments. (MR+) [Xom's grace]
  3091 | D:4      | Gained mutation: Your natural rate of healing is unusually fast. [Xom's grace]
  3091 | D:4      | Gained mutation: You expend magic power (3 MP) to strengthen your wands. [Xom's grace]
  3137 | D:4      | Found Rycasos's Assorted Antiques.
  3235 | D:4      | XOM: 5-stop teleportation journey
  3427 | D:4      | Reached XP level 7. HP: 71/74 MP: 7/7
  3441 | D:5      | Entered Level 5 of the Dungeon
  3472 | D:5      | XOM: scenery: 1 doors open
  3589 | D:5      | Found Pyiroz's Book Emporium.
  3737 | D:5      | Reached skill level 6 in Axes
  3759 | D:5      | Noticed Blork the orc
  3785 | D:5      | Found a sacrificial altar of Ru.
  3799 | D:5      | XOM: divination: detect creatures
  3822 | D:5      | XOM: polymorph gnoll -> rat
  3890 | D:5      | XOM: give mutation
  3890 | D:5      | Gained mutation: Your muscles are strong. (Str +2) [Xom's grace]
  3935 | D:5      | Killed Blork the orc
  4042 | D:5      | XOM: god gift: 20 bolts
  4179 | D:5      | Reached skill level 7 in Axes
  4179 | D:5      | Reached skill level 1 in Shields
  4179 | D:5      | Reached XP level 8. HP: 53/84 MP: 8/8
  4494 | D:5      | Found a staircase to the Ecumenical Temple.
  4563 | D:6      | XOM: enchant monster (good)
  4574 | D:6      | XOM: butterfly on damage
  4719 | D:6      | XOM: divination: detect creatures
  4877 | D:6      | Reached skill level 8 in Axes
  4878 | D:6      | Found a shimmering altar of Xom.
  4907 | D:6      | XOM: potion effect (invisibility)
  4922 | D:6      | XOM: torment (43/84 hp)
  5022 | D:6      | XOM: give mutations
  5022 | D:6      | Gained mutation: Your mind is acute. (Int +2) [Xom's grace]
  5022 | D:6      | Gained mutation: You are covered in fur. (AC +1) [Xom's grace]
  5047 | D:6      | Found a shattered altar of Ashenzari.
  5106 | D:6      | XOM: cleaving
  5214 | D:6      | XOM: medium Erth miscast
  5299 | D:6      | XOM: god gift: steaming ivory amulet {god gift}
  5300 | D:6      | Got a steaming ivory amulet {god gift}
  5301 | D:6      | Identified the amulet "Voyleude" {RegenMP rC- Str+5 Dex+2} (Xom gifted it to you on level 6 of the Dungeon)
  5374 | D:6      | Reached skill level 9 in Axes
  5518 | D:6      | Reached XP level 9. HP: 92/92 MP: 9/9
  5711 | D:7      | XOM: cleaving
  5771 | D:7      | XOM: scenery: create altars
  5950 | D:7      | XOM: scenery: create altars
  5957 | D:7      | XOM: polymorph howler monkey -> iguana
  5974 | D:7      | Noticed Dowan
  5977 | D:7      | Noticed Duvessa
  5980 | D:7      | Killed Dowan
  5980 | D:7      | XOM: divine lightning
  5981 | D:7      | XOM: cleaving
  5999 | D:7      | Killed Duvessa
  6003 | D:7      | XOM: enchant monster (bad)
  6005 | D:7      | XOM: summons 9 friendly demons
  6073 | D:7      | Found a runed door.
  6073 | D:7      | Noticed Amnesiac's ghost (novice SpWn)
  6505 | D:8      | Noticed a two-headed ogre
  6508 | D:8      | XOM: destruction
  6509 | D:8      | XOM: summons friendly ufetubus
  6515 | D:8      | Killed a two-headed ogre
  6515 | D:8      | Reached skill level 10 in Axes
  6515 | D:8      | Reached skill level 5 in Shields
  6730 | D:8      | Found a sparkling altar of Nemelex Xobeh.
  6911 | D:8      | XOM: blink monster(s)
  7101 | D:8      | XOM: cast spell 'Leda's Liquefaction'
  7114 | D:8      | Noticed a two-headed ogre
  7117 | D:8      | Mangled by a two-headed ogre

Vault maps used:
D:1:      co_arrival_random_square_maze, nrook_mini_backslash
D:2:      grunt_gozag_breadcrumbs, nicolae_overflow_crystal_walls,
          kiku_gazebo_garden_becter, minmay_misc_feat_alley
D:3:      overflow_temple_1_default, hangedman_glass_teeth, feat_on_display
D:4:      serial_shops, nicolae_shop_competitors_out_of_business, first_ration,
          uniq_grinder
D:5:      nicolae_ru_great_annihilating_truth, minmay_temple_entry_from_below_a,
          serial_shops, shop, minivault_23, uniq_blork_the_orc
D:6:      black_bear_nest_2, nicolae_ashenzari_panopticon, serial_park_tiny_1,
          xom_confusion_cloud
D:7:      hellmonk_ghost_happy_afterlife, uniq_duvessa
D:8:      nicolae_tso_besieged_by_evil, kennysheep_mini_moat, serial_shops, shop

Skill      XL: |  1  2  3  4  5  6  7  8  9 |
---------------+----------------------------+-----
Axes           | 4 5 7 9 10 | 10.3
Fighting       | 5 6 7 |  7.2
Dodging        | 3 |  3.8
Stealth        | 1 |  1.4
Shields        | 1 3 5 |  5.8

Action                   |  1- 3 |  4- 6 |  7- 9 || total
-------------------------+-------+-------+-------++-------
Melee: Hand axe          |   100 |   190 |   439 ||   729
  Use: Scroll            |       |       |    13 ||    13
 Stab: Paralysed         |       |     5 |     6 ||    11
       Confused          |       |     1 |     2 ||     3
       Sleeping          |       |     3 |     1 ||     4
       Petrifying        |       |     1 |     1 ||     2
       Invisible         |       |       |     1 ||     1
  Eat: Chunk             |     1 |     7 |    12 ||    20
Armor: Robe              |    58 |    72 |   137 ||   267
Dodge: Dodged            |    90 |   107 |   204 ||   401
Block: Shield            |       |       |   148 ||   148

Table legend:
 A = Spawn XP
 B = Non-spawn XP
 C = Spawn XP percentage of total XP
 D = Spawn monster count
 E = Non-spawn monster count
 F = Spawn count percentage of total count
 G = Total turns spent on level
                    A         B        C        D         E        F      G
               +---------+---------+-------+---------+---------+-------+---------
         Total |       0 |    4310 |   0.0 |       0 |     165 |   0.0 |  7117
               +---------+---------+-------+---------+---------+-------+---------
           D:1 |       0 |      55 |   0.0 |       0 |      28 |   0.0 |  1156
           D:2 |       0 |      40 |   0.0 |       0 |      11 |   0.0 |   732
           D:3 |       0 |     127 |   0.0 |       0 |      27 |   0.0 |   807
           D:4 |       0 |     399 |   0.0 |       0 |      18 |   0.0 |   746
           D:5 |       0 |     612 |   0.0 |       0 |      30 |   0.0 |  1228
           D:6 |       0 |    1255 |   0.0 |       0 |      23 |   0.0 |  1151
           D:7 |       0 |     734 |   0.0 |       0 |      11 |   0.0 |   608
           D:8 |       0 |    1088 |   0.0 |       0 |      17 |   0.0 |   689
               +---------+---------+-------+---------+---------+-------+---------
